 Dungeon Crawl Stone Soup version 0.15-a0-1345-gc375f20 (webtiles) character file.

1790 Charly the Martial Artist (level 9, -1/59 HPs)
             Began as a Merfolk Transmuter on June 8, 2014.
             Was an Initiate of Ashenzari.
             Slain by a tengu warrior
             ... wielding a +0,+0 long sword
              (2 damage)
             ... on Level 7 of the Dungeon.
             The game lasted 01:32:29 (9622 turns).

Charly the Martial Artist (Merfolk Transmuter)      Turns: 9622, Time: 01:32:34

HP  -1/59        AC  8     Str 11      XL: 9   Next:  8%
MP  31/31        EV 18     Int 14 (15) God: Ashenzari [......]
Gold 192         SH  0     Dex 19      Spells:  5 memorised,  4 levels left

rFire  . . .     SeeInvis .       - Unarmed
rCold  + . .     Clarity  .     A - +2 robe {rN+}
rNeg   + . .     rCorr    .     (no shield)
rPois  .         rRot     .     H - +1 helmet (curse)
rElec  .         Spirit   .     C - +1 cloak (curse)
SustAb .         Warding  .     (no gloves)
rMut   .         Stasis   .     (no boots)
Gourm  +                        g - amulet of the gourmand
MR     .....                    c - cursed ring of protection from cold
                                m - cursed ring of magical power

@: agile, not resistant to hostile enchantments, fairly stealthy
A: change form in water, swift swim
a: Renounce Religion


You were on level 7 of the Dungeon.
You worshipped Ashenzari.
Ashenzari was noncommittal.
You were hungry.

You visited 2 branches of the dungeon, and saw 9 of its levels.
You also visited: Ossuary.

You collected 402 gold pieces.
You spent 210 gold pieces at shops.

Inventory:

Hand weapons
 a - a +1 blowgun
 i - the +8,+8 short sword of Zin's Righteous Fury {venom, MR+ SInv}
   (You found it on level 5 of the Dungeon)

   It poisons the flesh of those it strikes.
   It affects your resistance to hostile enchantments.
   It enhances your eyesight.
Missiles
 q - 2 curare-tipped needles
Armour
 A - a +2 robe of positive energy (worn)
 C - a cursed +1 cloak (worn)
 H - a cursed +1 helmet (worn)
Magical devices
 D - a wand of digging (11)
 T - a wand of teleportation (7)
Comestibles
 n - a bread ration
 o - 7 meat rations
Scrolls
 e - 3 scrolls of enchant armour
 k - a scroll of remove curse
 l - 3 scrolls of amnesia
 r - 2 scrolls of fear
 u - a scroll of summoning
 v - a scroll of teleportation
 w - 3 scrolls of curse armour
 y - a scroll of curse jewellery
Jewellery
 c - a cursed ring of protection from cold (right hand)
 g - an amulet of the gourmand (around neck)
 m - a cursed ring of magical power (left hand)
Potions
 f - 2 potions of lignification
 h - 3 potions of curing
 p - 2 potions of restore abilities
 s - a potion of haste {unknown}
 x - 2 potions of heal wounds
 B - 2 potions of brilliance
Books
 d - a book of Changes

   Spells                             Type                      Level
   *Beastly Appendage                 Transmutation                1
   *Sticks to Snakes                  Transmutation                2
   *Spider Form                       Transmutation/Poison         3
   Ice Form                           Ice/Transmutation            4
   *Blade Hands                       Transmutation                5
 E - a book of Envenomations

   Spells                             Type                      Level
   *Spider Form                       Transmutation/Poison         3
   *Alistair's Intoxication           Transmutation/Poison         4
   Olgreb's Toxic Radiance            Poison                       4
   Poisonous Cloud                    Conjuration/Poison/Air       6
Rods
 b - a cursed +1 rod of striking (10/10)
   (You found it on level 7 of the Dungeon)


   Skills:
 - Level 1.1 Fighting
 - Level 2.6 Dodging
 + Level 8.1 Unarmed Combat
 + Level 5.9 Spellcasting
 + Level 8.1 Transmutations
 * Level 3.4 Poison Magic


You had 4 spell levels left.
You knew the following spells:

 Your Spells              Type           Power        Failure   Level  Hunger
b - Blade Hands           Trmt           ####......   17%         5    #####..
h - Beastly Appendage     Trmt           ####..       1%          1    None
i - Alistair's Intoxicat  Trmt/Pois      ###.....     17%         4    ####...
s - Sticks to Snakes      Trmt           ####......   1%          2    #......
S - Spider Form           Trmt/Pois      ###.......   6%          3    ###....


Dungeon Overview and Level Annotations

Branches:
Dungeon (8/15)             Temple (1/1) D:7
   Lair: D:8-11

Altars:
Ashenzari
Cheibriados
Dithmenos
Elyvilon
Fedhas
Gozag
Kikubaaqudgha
Makhleb
Nemelex Xobeh
Okawaru
Qazlal
Sif Muna
Trog
Vehumet
Xom
Yredelemnul
Zin
The Shining One

Shops:
D:6 ?   D:7 [


Message History

Drink which item? (? for menu, Esc to quit)
You feel much better.
The tengu warrior hits you with a long sword!!
The tengu warrior barely misses you. The tengu warrior claws you.
* * * LOW HITPOINT WARNING * * *
There is an open door here.
Your transformation has ended.
Your cursed +1 cloak unmelds from your body.
Your cursed +1 helmet unmelds from your body.
Your +2 robe of positive energy unmelds from your body.
You feel more protected from negative energy.
The bat completely misses you. The bat closely misses you.
The tengu warrior looks more healthy.
The bat hits you but does no damage. The bat hits you but does no damage.
The tengu warrior hits you with a long sword!
* * * LOW HITPOINT WARNING * * *
The tengu warrior completely misses you.
The tengu warrior claws you.
You die...

#.# #.# #....#...# ########
#.######.# #....#...######.......
#......#.# #.............'.......
#..###.#.#####........####.......
#..#.........#........# #.#..###
#..#.#.#.###.'........####.......
.......#.....#..b.....##.#.......
#..#.........+.Q......##.#.......
#..####.#....#..@......[<..#..###
#........#########..####)#.#....#
.........####...##.........#.##.#
.................................
.......................#......###
........#.......##.###.#.#.##.# #
#'###...#.......##.# #.#.#.##.###
#.# #...#........#.###.#........#
#.###...#........#.....##)....#.#


You could see a tengu warrior and a bat.

Vanquished Creatures
  2 hippogriffs (D:7)
  3 sky beasts
  2 ogres
  A giant frog (D:7)
  A gnoll sergeant (D:6)
  A scorpion (D:7)
  The ghost of gluzy the Ducker, a weakling SpAK of Lugonu (D:3)
  2 crimson imps
  A hound (D:8)
  Crazy Yiuf (D:5)
  An orc priest (D:3)
  2 iguanas
  2 orc wizards
  5 worker ants
  Ijyb (D:5)
  3 big kobold zombies (Ossuary)
  2 hound zombies (Ossuary)
  A big kobold skeleton (D:8)
  3 mummies (Ossuary)
  5 gnolls
  7 adders
  A green rat (D:4)
  2 shadow imps (D:5)
  2 orc skeletons (D:4)
  6 giant mites
  A worm (D:3)
  An adder skeleton (D:7)
  4 giant geckos
  An ooze (D:4)
  9 orcs
  5 bats
  7 giant cockroaches
  10 goblins
  11 hobgoblins
  10 jackals
  2 ball pythons (D:4)
  A giant gecko skeleton (D:7)
  2 giant newts
  A giant spore (D:7)
  2 goblin zombies (Ossuary)
  A hobgoblin zombie (Ossuary)
  A jackal skeleton (D:4)
  10 kobolds
  3 kobold zombies
  2 orc zombies
  A quokka zombie (D:6)
  11 rats
  6 ballistomycetes (D:7)
160 creatures vanquished.

Vanquished Creatures (collateral kills)
  An ogre (D:4)
  A scorpion (D:4)
  An orc priest (D:3)
  2 mummies
  3 gnolls (D:2)
  An adder (D:3)
  3 orcs (D:3)
  A rat zombie (Ossuary)
13 creatures vanquished.

Grand Total: 173 creatures vanquished

Notes
Turn   | Place    | Note
--------------------------------------------------------------
     0 | D:1      | Charly, the Merfolk Transmuter, began the quest for the Orb.
     0 | D:1      | Reached XP level 1. HP: 15/15 MP: 3/3
   303 | D:1      | Reached XP level 2. HP: 14/21 MP: 2/4
   943 | D:2      | Learned a level 2 spell: Sticks to Snakes
   973 | D:2      | Found a sparkling altar of Nemelex Xobeh.
  1055 | D:2      | Reached XP level 3. HP: 19/26 MP: 3/6
  1181 | D:2      | Found a blossoming altar of Fedhas.
  1301 | D:3      | Noticed gluzy's ghost (weakling SpAK)
  1558 | D:3      | Reached skill level 4 in Unarmed Combat
  1871 | D:2      | Learned a level 3 spell: Spider Form
  2065 | D:2      | Reached XP level 4. HP: 24/32 MP: 6/8
  3179 | D:4      | Reached skill level 1 in Poison Magic
  3179 | D:4      | Reached XP level 5. HP: 37/37 MP: 11/11
  3359 | D:4      | Noticed an ogre
  3376 | D:4      | Killed an ogre
  3587 | D:5      | Entered Level 5 of the Dungeon
  3631 | D:4      | Reached XP level 6. HP: 19/43 MP: 13/13
  4178 | D:3      | Reached skill level 5 in Transmutations
  4293 | D:3      | Found a bloodstained altar of Trog.
  4293 | D:3      | Found an ancient bone altar of Kikubaaqudgha.
  4385 | D:3      | Killed gluzy's ghost
  4876 | D:4      | Reached skill level 5 in Unarmed Combat
  5451 | D:4      | Reached XP level 7. HP: 46/48 MP: 17/17
  5514 | D:5      | Noticed an ogre
  5526 | D:5      | Killed an ogre
  5803 | D:5      | Reached skill level 6 in Transmutations
  5943 | D:5      | Noticed Ijyb
  5959 | D:5      | Killed Ijyb
  6008 | D:5      | Noticed Crazy Yiuf
  6033 | D:5      | Killed Crazy Yiuf
  6186 | D:5      | Got a smoking short sword
  6187 | D:5      | Identified the +8,+8 short sword of Zin's Righteous Fury {venom, MR+ SInv} (You found it on level 5 of the Dungeon)
  6478 | D:6      | Found Schiwade's Magic Scroll Emporium.
  6481 | D:6      | Bought a scroll of identify for 30 gold pieces
  6481 | D:6      | Bought a scroll of identify for 30 gold pieces
  6481 | D:6      | Bought a scroll of remove curse for 45 gold pieces
  6481 | D:6      | Bought a scroll of remove curse for 45 gold pieces
  6481 | D:6      | Bought a scroll of identify for 30 gold pieces
  6481 | D:6      | Bought a scroll of identify for 30 gold pieces
  6673 | D:7      | Noticed a hippogriff
  6688 | D:7      | Killed a hippogriff
  6711 | D:6      | Reached XP level 8. HP: 38/54 MP: 14/19
  6847 | D:7      | Found a sand-covered staircase.
  6883 | Ossuary  | Entered an ossuary
  6900 | Ossuary  | Reached skill level 5 in Spellcasting
  6906 | Ossuary  | Reached skill level 7 in Transmutations
  7087 | Ossuary  | Identified a +1 rod of striking (10/10) (You found it on level 7 of the Dungeon)
  7509 | D:6      | Learned a level 5 spell: Blade Hands
  7514 | D:6      | Learned a level 4 spell: Alistair's Intoxication
  8271 | D:7      | Found Untanemo's Antique Armour Emporium.
  8309 | D:7      | Found a staircase to the Ecumenical Temple.
  8331 | Temple   | Entered the Ecumenical Temple
  8375 | Temple   | Became a worshipper of Ashenzari the Shackled
  8601 | D:7      | Noticed a hippogriff
  8611 | D:7      | Killed a hippogriff
  8879 | D:7      | Found a radiant altar of Vehumet.
  8887 | D:7      | Reached skill level 8 in Transmutations
  8961 | D:7      | Found a shadowy altar of Dithmenos.
  9161 | D:7      | Reached XP level 9. HP: 52/59 MP: 22/22
  9564 | D:8      | Noticed a tengu warrior
  9622 | D:7      | HP: 1/59 [tengu warrior/long sword (13)]
  9622 | D:7      | Slain by a tengu warrior

Action                   |  1- 3 |  4- 6 |  7- 9 || total
-------------------------+-------+-------+-------++-------
Melee: Unarmed           |    93 |   166 |   355 ||   614
       Short sword       |       |       |    10 ||    10
 Fire: Blowgun           |       |     5 |     9 ||    14
Throw: Stone             |    29 |    30 |     5 ||    64
 Cast: Beastly Appendage |    18 |     6 |       ||    24
       Sticks to Snakes  |     3 |    22 |    21 ||    46
       Spider Form       |       |    10 |    24 ||    34
       Blade Hands       |       |       |     1 ||     1
Evoke: Wand              |       |     1 |     1 ||     2
  Use: Scroll            |     1 |     6 |    16 ||    23
       Potion            |       |     1 |     4 ||     5
 Stab: Sleeping          |       |       |     1 ||     1
